 Dungeon Crawl Stone Soup version 0.23-a0-333-g006994f (webtiles) character file.

288 Garbasso the Caller (level 6, -1/62 HPs)
             Began as an Ogre Summoner on Oct 17, 2018.
             Killed from afar by an orc wizard (6 damage)
             ... with a magic dart
             ... on level 4 of the Dungeon.
             The game lasted 00:16:34 (4145 turns).

Garbasso the Caller (Ogre Summoner)                 Turns: 4145, Time: 00:16:34

Health: -1/62      AC:  4    Str: 13    XL:     6   Next: 31%
Magic:  7/10       EV: 10    Int: 18    God:
Gold:   151        SH:  0    Dex:  9    Spells: 2/11 levels left

rFire    . . .     SeeInvis .   j - +1 short sword (speed)
rCold    . . .     Gourm    .   (no shield)
rNeg     . . .     Faith    .   a - +0 robe
rPois    .         Spirit   .   (helmet restricted)
rElec    .         Reflect  .   n - +0 cloak
rCorr    .         Harm     .   (gloves unavailable)
MR       .....                  (boots unavailable)
Stlth    +.........             (no amulet)
HPRegen  0.20/turn              (no ring)
MPRegen  0.12/turn              (no ring)

@: no status effects
A: large, unfitting armour, tough skin 1
a: no special abilities


You were on level 4 of the Dungeon.
You were not hungry.

You visited 1 branch of the dungeon, and saw 4 of its levels.

You collected 151 gold pieces.

Inventory:

Hand Weapons
 j - a +1 short sword of speed (weapon)
Missiles
 d - 120 stones (quivered)
 f - a throwing net
Armour
 a - a +0 robe (worn)
 n - a +0 cloak (worn)
Jewellery
 o - an uncursed amulet of regeneration {unknown}
Wands
 m - a wand of iceblast (9)
Scrolls
 e - a scroll of teleportation
 g - a scroll of remove curse
Potions
 b - a potion of degeneration {unknown}
 h - a potion of heal wounds {unknown}
 i - 2 potions of mutation {unknown}
 l - 3 potions of curing {unknown}
Comestibles
 c - 7 rations
 k - 4 chunks of flesh


   Skills:
 + Level 3.6 Fighting
 - Level 1.7 Dodging
 - Level 1.4 Stealth
 - Level 3.1 Spellcasting
 + Level 5.0 Summonings
 * Level 2.7 Air Magic


You had 2 spell levels left.
You knew the following spells:

 Your Spells              Type           Power        Failure   Level  Hunger
a - Call Canine Familiar  Summ           ###.....     6%          3    ###....
b - Call Imp              Summ           ###.....     3%          2    ##.....
c - Summon Lightning Spi  Summ/Air       ###.....     32%         4    ####...

Your spell library contained the following spells:

 Spells                   Type           Power        Failure   Level  Hunger
 Summon Small Mammal      Summ           ###.         1%          1    None
 Animate Skeleton         Necr           N/A          16%         1    None
 Pain                     Necr           #...         16%         1    None
 Summon Guardian Golem    Hex/Summ       ##......     17%         3    ###....
 Regeneration             Chrm/Necr      #.........   43%         3    ###....
 Vampiric Draining        Necr           #.........   43%         3    ###....
 Summon Ice Beast         Ice/Summ       ##......     50%         4    ####...
 Animate Dead             Necr           N/A          85%         4    ####...


Dungeon Overview and Level Annotations

Branches:
Dungeon (4/15)
 Temple: D:4-7

Altars:
Cheibriados
Dithmenos
Fedhas
Hepliaklqana
Okawaru
Ru
The Shining One


Innate Abilities, Weirdness & Mutations

You are too large for most types of armour.
You have tough skin. (AC +1)


Message History

Your shadow imp hits the orc wizard.
The orc wizard mumbles some strange words.
The orc wizard flickers and vanishes!
Deactivating autopickup; reactivate with Ctrl-A.
You barely miss something. Something hits you but does no damage.
Your shadow imp barely misses something.
You miss something. Something hits you.
* * * LOW HITPOINT WARNING * * *
Your shadow imp barely misses something.
Something hits you.
* * * LOW HITPOINT WARNING * * *
Your shadow imp closely misses something.
You hear some strange, mumbled words.
A puff of frost appears from out of thin air!
The puff of frost hits you!
* * * LOW HITPOINT WARNING * * *
You barely miss something. Something hits you but does no damage.
A magic dart appears from out of thin air!
The magic dart hits you!
You die...

#.# #.# #### #.#
...###############.#
...'.5.§†..........#
...##############################
..................5.h.5........).
....#########....################
....# #...@# # ....#
#####(...####### #### .......
.......<........ >....
###############'######## #####
##).....#######.###### #
.'......'5.5........... .
##.÷....#######.####### ##
#......# #.# .. #......# #.# ###


There were no monsters in sight!

Vanquished Creatures
  A howler monkey (D:4)
  An orc wizard (D:4)
  2 hounds (D:4)
  2 oozes
  A worm (D:3)
  A dart slug (D:2)
  A leopard gecko (D:2)
  An orc (D:4)
  A giant cockroach (D:4)
  4 goblins
  3 hobgoblins
  3 jackals (D:3)
  2 quokkas (D:3)
  5 bats
  2 frilled lizards
  5 kobolds
  5 rats
40 creatures vanquished.

Vanquished Creatures (collateral kills)
  A scorpion (D:4)
  2 orc priests (D:4)
  Ijyb (D:4)
  An iguana (D:4)
  2 adders
  A worm (D:2)
  A dart slug (D:2)
  A leopard gecko (D:3)
  11 orcs
  2 bats
  3 giant cockroaches
  8 goblins
  3 hobgoblins
  5 jackals
  2 frilled lizards
  4 kobolds
  5 rats
53 creatures vanquished.

Grand Total: 93 creatures vanquished

Notes
Turn   | Place    | Note
-------+----------+-------------------------------------------
     0 | D:1      | Garbasso the Ogre Summoner began the quest for the Orb.
     0 | D:1      | Reached XP level 1. HP: 16/16 MP: 3/3
   391 | D:1      | Reached XP level 2. HP: 22/26 MP: 1/5
   483 | D:1      | Learned a level 2 spell: Call Imp
   513 | D:1      | Reached skill level 1 in Fighting
   874 | D:1      | Reached skill level 4 in Summonings
  1578 | D:2      | Reached XP level 3. HP: 33/33 MP: 1/7
  1817 | D:2      | You fall through a shaft for 2 floors!
  1881 | D:4      | Reached XP level 4. HP: 28/42 MP: 2/8
  1887 | D:4      | Learned a level 4 spell: Summon Lightning Spire
  2984 | D:3      | Found a snail-covered altar of Cheibriados.
  2985 | D:3      | Found an iron altar of Okawaru.
  2996 | D:3      | Found a hazy altar of Hepliaklqana.
  2996 | D:3      | Found a sacrificial altar of Ru.
  2996 | D:3      | Found a blossoming altar of Fedhas.
  2997 | D:3      | Found a shadowy altar of Dithmenos.
  2997 | D:3      | Found a glowing golden altar of the Shining One.
  3015 | D:3      | Reached skill level 1 in Air Magic
  3080 | D:3      | Found a blossoming altar of Fedhas.
  3313 | D:3      | Reached XP level 5. HP: 46/50 MP: 2/9
  3581 | D:4      | Learned a level 3 spell: Call Canine Familiar
  3795 | D:4      | Noticed Ijyb
  3804 | D:4      | Killed Ijyb
  3966 | D:4      | Reached XP level 6. HP: 59/61 MP: 10/10
  4112 | D:4      | Reached skill level 5 in Summonings
  4145 | D:4      | Killed from afar by an orc wizard

Vault maps used:
D:1:      minmay_arrival_hallway
D:3:      grunt_temple_overflow_open, fedhas_altar_2
D:4:      uniq_ijyb

Skill      XL: |  1  2  3  4  5  6 |
---------------+-------------------+-----
Fighting       | 1 2 3 |  3.6
Summonings     | 4 5 |  5.0
Spellcasting   | 3 |  3.1
Air Magic      | 1 2 |  2.7
Dodging        | |  1.7
Stealth        | |  1.4

Action                   |  1- 3 |  4- 6 || total
-------------------------+-------+-------++-------
Melee: Unarmed           |    69 |       ||    69
       Short sword       |    31 |   134 ||   165
Throw: Stone             |       |     2 ||     2
 Cast: Summon Small Mamm |    18 |       ||    18
       Call Imp          |    26 |    36 ||    62
       Call Canine Famil |       |     2 ||     2
  Use: Scroll            |       |     5 ||     5
 Stab: Sleeping          |     1 |       ||     1
  Eat: Chunk             |     1 |     9 ||    10
       Ration            |     1 |       ||     1
Armor: Robe              |    48 |    40 ||    88
Dodge: Dodged            |    56 |    64 ||   120

Table legend:
 A = Non-vault XP
 B = Vault XP
 C = Vault XP percentage of total XP
 D = Non-vault monster count
 E = Vault monster count
 F = Vault count percentage of total count
                 A         B        C        D         E       F
            +---------+---------+-------+---------+---------+-------
      Total |     393 |      19 |   4.6 |      92 |       1 |   1.1
            +---------+---------+-------+---------+---------+-------
        D:1 |      25 |       0 |   0.0 |      21 |       0 |   0.0
        D:2 |      37 |       0 |   0.0 |      20 |       0 |   0.0
        D:3 |      66 |       0 |   0.0 |      35 |       0 |   0.0
        D:4 |     265 |      19 |   6.7 |      16 |       1 |   5.9
            +---------+---------+-------+---------+---------+-------
